 Dungeon Crawl Stone Soup version 0.27.1-34-g3ba077fa99 (webtiles) character file.

Game seed: 1118010532870593006

348 comborobin the Covert (level 6, 0/46 HPs)
             Began as a Vampire Delver on Jan 8, 2022.
             Was a Believer of Cheibriados.
             Slain by a hound (3 damage)
             ... on level 5 of the Dungeon.
             The game lasted 00:07:00 (4624 turns).

comborobin the Covert (Vampire Delver)              Turns: 4624, Time: 00:07:01

Health: 0/46       AC:  4    Str: 16    XL:     6   Next: 33%
Magic:  6/6        EV: 14    Int: 16    God:    Cheibriados [**....]
Gold:   189        SH:  0    Dex: 21    Spells: 5/5 levels left

rFire    . . .     SeeInvis +   i - +2 scimitar
rCold    . . .     Faith    .   (no shield)
rNeg     . . .     Spirit   .   a - +0 leather armour
rPois    .         Reflect  .   (no helmet)
rElec    .         Harm     .   j - +0 cloak
rCorr    .         Rampage  .   (no gloves)
Will     .....                  (no boots)
Stlth    ++++......             (no amulet)
HPRegen  0.35/turn              (no ring)
MPRegen  0.10/turn              (no ring)

@: healing quickly, very slow
A: alive, fangs 3, see invisible, vampiric 2
a: Exsanguinate, Renounce Religion, Bend Time


You were on level 5 of the Dungeon.
You worshipped Cheibriados.
Cheibriados was pleased with you.
You visited 2 branches of the dungeon, and saw 7 of its levels.

You collected 189 gold pieces.

Inventory:

Hand Weapons
 i - a +2 scimitar (weapon)
Armour
 a - a +0 leather armour (worn)
 j - a +0 cloak (worn)
 m - a +0 plate armour
Jewellery
 h - a ring of fire
Wands
 f - a wand of digging (8)
Scrolls
 b - 2 scrolls of fog
 d - 2 scrolls of fear
 g - a scroll of identify
 l - a scroll of teleportation {unknown}
Potions
 e - a potion of flight


   Skills:
 + Level 2.8 Fighting
 * Level 2.3 Long Blades
 + Level 0.7 Armour
 * Level 4.6 Dodging
 + Level 8.3 Stealth
 - Level 4.0 Unarmed Combat
 + Level 0.6 Invocations


You had 5 spell levels left.
You didn't know any spells.
Your spell library contained the following spells:

 Spells                   Type           Power      Damage    Failure   Level
 Beastly Appendage        Tmut           0%         N/A       30%         1
 Summon Small Mammal      Summ           0%         N/A       30%         1
 Call Canine Familiar     Summ           0%         N/A       67%         3
 Gell's Gravitas          Tloc           0%         N/A       67%         3
 Summon Guardian Golem    Hex/Summ       0%         N/A       67%         3
 Teleport Other           Tloc           0%         N/A       67%         3
 Dispersal                Tloc           0%         N/A       100%        6


Dungeon Overview and Level Annotations

Branches:
Dungeon (6/15)             Temple (1/1) D:5

Altars:
Ashenzari
Cheibriados
Dithmenos
Elyvilon
Fedhas
Gozag
Kikubaaqudgha
Makhleb
Ru
Sif Muna
Uskayaw
Wu Jian
Xom
Yredelemnul
Zin
The Shining One

Annotations:
D:5 1 runed translucent door, exclusion: downstairs


Innate Abilities, Weirdness & Mutations

Your natural rate of healing is accelerated.
You have razor-sharp teeth.
You have supernaturally acute eyesight. (SInv)
You are afflicted with vampirism and can become a bat while bloodless.


Message History

The hound misses you.
You riposte.
You hit the hound.
The hound is moderately wounded.
The hound misses you. The hound closely misses you.
You riposte.
You miss the hound.
The hound is moderately wounded.
The hound closely misses you. The hound bites you. The hound barely misses you.
The hound bites you. The hound barely misses you.
As you read the scroll of fear, it crumbles to dust.
You assume a fearsome visage.
The hound looks frightened!
The ogre looks frightened!
The hound looks frightened!
Found a stone staircase leading up.
Found a runed translucent door.
You start resting.
You are no longer corroded.
You start resting.
An ogre is nearby!
Okay, then.
You hit the ogre but do no damage. You bite the ogre, but do no damage.
The ogre barely misses you.
You slash the ogre!
The ogre is moderately wounded.
The hound bites you. The ogre misses you.
You riposte.
You hit the ogre.
The ogre is heavily wounded.
The hound bites you but does no damage.
You closely miss the hound. The hound closely misses you.
The ogre hits you with a +0 giant spiked club!
The hound bites you but does no damage.
You barely miss the hound. The hound bites you.
The ogre hits you with a +0 giant spiked club!!
* * * LOW HITPOINT WARNING * * *
You hit the ogre.
The ogre is severely wounded.
The hound bites you but does no damage. x2; The ogre closely misses you.
You hit the hound but do no damage. The hound closely misses you.
You riposte.
You closely miss the hound. The hound closely misses you.
You riposte.
You closely miss the hound. The ogre misses you.
You hit the ogre.
The ogre is severely wounded.
The hound bites you.
You die...

**,,^*******,,**,**,,,,,,,,*,,≈≈
**,********,..#+#,,*,,,*,,,,≈≈≈
*,,,,,,,,,,....,,**,,,****≈≈≈≈
***********#..<*****,,,>,*≈≈≈≈
#...,,,,,,,****≈≈≈≈ #..##***#..#
*≈≈≈* *...,,,,...# *≈≈**
*#h#****#..# *≈**≈ #@# #..#
*≈≈≈≈ #O# #..# ***≈≈ #.# #..#
###** #.######..####.###
#.................
#########......... ##########


You could see an ogre and a hound.

Vanquished Creatures
  An ogre (D:4)
  A jelly (D:5)
  2 iguanas (D:4)
  An orc wizard (D:3)
  2 hound skeletons (D:4)
  2 adders
  A howler monkey skeleton (D:4)
  A white imp (D:5)
  An ufetubus (D:4)
  4 dart slugs
  6 orcs
  5 ball pythons
  10 endoplasms
  A giant cockroach (D:5)
  7 goblins
  4 hobgoblins
  5 jackals (D:1)
  7 kobolds
  2 quokkas (D:3)
  5 bats
  2 frilled lizards (D:1)
  2 rats
72 creatures vanquished.

Vanquished Creatures (others)
  A plant (D:3)
1 creature vanquished.

Grand Total: 73 creatures vanquished

Notes
Turn   | Place    | Note
-------+----------+-------------------------------------------
     0 | D:5      | comborobin the Vampire Delver began the quest for the Orb.
     0 | D:5      | Reached XP level 1. HP: 17/17 MP: 1/1
     1 | D:6      | Noticed an ogre
     1 | D:6      | Noticed a steam dragon
    15 | D:5      | Found a burning altar of Makhleb.
    47 | D:5      | Found a staircase to the Ecumenical Temple.
   107 | D:4      | Reached XP level 2. HP: 17/23 MP: 2/2
   285 | D:4      | Gained mutation: You are afflicted with vampirism and can
                  | become a bat while bloodless. [Vampire growth]
   285 | D:4      | Reached XP level 3. HP: 5/28 MP: 3/3
   549 | D:4      | Noticed an ogre
   671 | D:4      | Reached skill level 8 in Stealth
   778 | D:4      | Killed an ogre
   779 | D:4      | Reached XP level 4. HP: 34/34 MP: 4/4
   779 | D:4      | Reached XP level 5. HP: 39/39 MP: 5/5
   812 | D:4      | Reached skill level 1 in Long Blades
  1289 | D:2      | Found an ornate altar of the Wu Jian Council.
  1563 | Temple   | Entered the Ecumenical Temple
  1820 | Temple   | Became a worshipper of Cheibriados the Contemplative
  2484 | D:1      | Reached * piety under Cheibriados
  2692 | D:1      | You fall into a shaft and drop 1 floor!
  3926 | D:3      | Reached XP level 6. HP: 46/46 MP: 6/6
  4041 | D:3      | Reached ** piety under Cheibriados
  4067 | D:3      | Found a faded altar of an unknown god.
  4075 | D:3      | Got Plato's Papyrus of Transmigration
  4173 | D:3      | Found a sacrificial altar of Ru.
  4588 | D:5      | Found a runed translucent door.
  4621 | D:5      | HP: 1/46 [ogre (21)]
  4624 | D:5      | Slain by a hound

Illustrated notes

Levels and vault maps discovered:
D:1:      minmay_arrival_jagged, layout_loops_ring, minmay_misc_feat_five,
          roderic_serpentine_path
D:2:      layout_loops_ring, basic_altar
D:3:      layout_rooms, general_overflow_altar,
          shapermc_ecumenical_altar_rom_forum, minmay_misc_feat_four_crosses
D:4:      layout_rooms
D:5:      layout_loops_ring, mainiacjoe_overflow_tiny_flanked,
          minmay_temple_entry_offerings, hellmonk_ghost_happy_afterlife,
          chequers_serial_rivers_large_a
D:6:      layout_gridville, nicolae_ossuary_entry_false_entrances, serial_shops,
          shop, uniq_pikel, uniq_duvessa
Temple:   minmay_temple_curvy_branch

Skill      XL: |  1  2  3  4  5 |
---------------+----------------+-----
Unarmed Combat | 3 4 |  4.0
Stealth        | 8 |  8.3
Dodging        | 4 |  4.6
Long Blades    | 2 |  2.3
Fighting       | |  2.8
Armour         | |  0.7
Invocations    | |  0.6

Action                   |  1- 3 |  4- 6 || total
-------------------------+-------+-------++-------
Melee: Unarmed           |    37 |     9 ||    46
       Bite              |     4 |    16 ||    20
       Scimitar          |    17 |   127 ||   144
       Punch             |       |     5 ||     5
  Use: Scroll            |     1 |     4 ||     5
       Potion            |       |     8 ||     8
 Stab: Sleeping          |     1 |    22 ||    23
       Distracted        |       |     1 ||     1
Armor: Leather armour    |    10 |    33 ||    43
       Skin              |       |     7 ||     7
Dodge: Dodged            |    46 |   110 ||   156
       Rpst.: Scimitar   |     5 |    34 ||    39
